 Dungeon Crawl Stone Soup version 0.27.1-4-g1640c2035a (webtiles) character file.

Game seed: 468990753894965259

25 bellerephron the Ducker (level 2, -3/29 HPs)
             Began as a Troll Fighter on Nov 7, 2021.
             Succumbed to Sigmund's poison
             ... on level 2 of the Dungeon.
             The game lasted 00:03:00 (727 turns).

bellerephron the Ducker (Troll Fighter)              Turns: 727, Time: 00:03:00

Health: -3/29      AC:  4    Str: 23    XL:     2   Next: 82%
Magic:  1/1        EV:  8    Int:  4    God:
Gold:   33         SH:  8    Dex:  9    Spells: 1/1 levels left

rFire    . . .     SeeInvis .     - Unarmed
rCold    . . .     Faith    .   b - +0 kite shield
rNeg     . . .     Spirit   .   a - +0 robe
rPois    .         Reflect  .   (helmet restricted)
rElec    .         Harm     .   (no cloak)
rCorr    .         Rampage  .   (gloves unavailable)
Will     .....                  (boots unavailable)
Stlth    +.........             (no amulet)
HPRegen  1.09/turn              (no ring)
MPRegen  0.07/turn              (no ring)

@: mighty, lethally poisoned (-3 -> -23)
A: large, unfitting armour, claws 3, regeneration 1, shaggy fur 1, tough skin 1
a: no special abilities


You were on level 2 of the Dungeon.
You visited 1 branch of the dungeon, and saw 2 of its levels.

You collected 33 gold pieces.

Inventory:

Missiles
 e - 10 stones (quivered)
Armour
 a - a +0 robe (worn)
 b - a +0 kite shield (worn)
Scrolls
 d - a scroll of teleportation {unknown}
 h - 2 scrolls of identify {unknown}
 j - a scroll of summoning {unknown}
Potions
 f - a potion of heal wounds
 g - a potion of degeneration {unknown}
 i - a potion of flight {unknown}


   Skills:
 + Level 2.6 Fighting
 + Level 2.6 Dodging
 + Level 2.6 Shields
 * Level 2.5 Unarmed Combat


You had one spell level left.
You didn't know any spells.
Your spell library contained the following spells:

 Spells                   Type           Power      Damage    Failure   Level
 Sandblast                Erth           0%         2d4       92%         1
 Passwall                 Tmut/Erth      0%         N/A       98%         2
 Lee's Rapid Deconstruct  Erth           0%         3d5*      100%        5


Dungeon Overview and Level Annotations

Branches:
Dungeon (2/15)

Altars:

Annotations:
D:2 Sigmund


Innate Abilities, Weirdness & Mutations

You are too large for most types of armour.
You have claws for hands.
Your natural rate of healing is unusually fast.
You are covered in fur. (AC +1)
You have tough skin. (AC +1)


Message History

Sigmund gestures wildly while chanting.
Sigmund flickers and vanishes!
Deactivating autopickup; reactivate with Ctrl-A.
You block the adder's attack. The adder closely misses you.
You closely miss the adder. The jackal bites you. The adder bites you.
You block the jackal's attack.
You claw the adder!
You kill the adder!
The jackal bites you but does no damage.
The jackal barely misses you.
You see here an adder corpse.
Unknown command.
You claw the jackal!
You kill the jackal!
The hobgoblin hits you.
You claw the hobgoblin!
You kill the hobgoblin!
Something hits you.
You are poisoned.
You feel sick. Something hits you!
Things that are here:
a hobgoblin corpse; a jackal corpse You closely miss something.
You feel sick. Something hits you.
* * * LOW HITPOINT WARNING * * *
You miss something.
You feel sick.
Unknown command.
It was a potion of heal wounds.
You feel much better.
You feel sick. Something hits you but does no damage.
You are more poisoned.
You feel very mighty all of a sudden.
You feel very sick. Something hits you.
You are more poisoned.
You claw something!
You feel very sick. Something hits you!
* * * LOW HITPOINT WARNING * * *
You are more poisoned.
You claw something!
You die...

#.....# .# #.....##
#.# #.....##
#.######.###
#.##.....# #.##.#####
#.##.####
########.#.....#
#.†@{†...#.###.#
#.#####....# #†## #
#..... #.##.###..####
##..##.##h##.)........
..........#######.####
##.##..#### #.# .. #..
... ## #.. #... .@.
#...#


There were no monsters in sight!

Vanquished Creatures
  An adder (D:2)
  A bat (D:1)
  An endoplasm (D:1)
  A goblin (D:1)
  3 hobgoblins
  2 jackals (D:2)
  A kobold (D:1)
  A ball python (D:1)
  A frilled lizard (D:1)
  3 rats (D:1)
15 creatures vanquished.

Notes
Turn   | Place    | Note
-------+----------+-------------------------------------------
     0 | D:1      | bellerephron the Troll Fighter began the quest for the Orb.
     0 | D:1      | Reached XP level 1. HP: 22/22 MP: 0/0
   272 | D:1      | Reached XP level 2. HP: 29/29 MP: 1/1
   703 | D:2      | Noticed Sigmund
   727 | D:2      | Succumbed to Sigmund's poison

Illustrated notes

Levels and vault maps discovered:
D:1:      doesnt_arrival_eight_statues, layout_basic, serial_curves,
          eino_curves_03, eino_curves_04
D:2:      layout_loops_cross, ebering_ecumenical_altar_mist, minmay_bisected,
          uniq_sigmund

Action                   || total
-------------------------++-------
Melee: Unarmed           ||    42
  Use: Potion            ||     2
Armor: Robe              ||    11
Dodge: Dodged            ||     7
Block: Kite shield       ||    19
